 Dungeon Crawl Stone Soup version 0.19-a0-261-g60b6c46 (webtiles) character file.

326 Steelers13 the Slasher (level 6, -2/56 HPs)
             Began as a Minotaur Berserker on May 25, 2016.
             Was an Elder of Trog.
             Slain by a wight
             ... wielding a cursed +0 scimitar
              (5 damage)
             ... on level 4 of the Dungeon on May 26, 2016.
             The game lasted 00:24:10 (4334 turns).

Steelers13 the Slasher (Minotaur Berserker)         Turns: 4334, Time: 00:24:11

Health: -2/56      AC: 10    Str: 23    XL:     6   Next: 24%
Magic:  5/5        EV:  9    Int:  4    God:    Trog [****..]
Gold:   213        SH:  0    Dex: 10    Spells: 0 memorised, 5 levels left

rFire  . . .     SeeInvis .     y - +0 war axe
rCold  . . .     Gourm    .     D - +0 chain mail (curse)
rNeg   . . .     Faith    +     (no shield)
rPois  .         Spirit   .     (helmet restricted)
rElec  .         Dismiss  .     (no cloak)
rCorr  +         Reflect  .     N - +0 pair of gloves
SustAt .         Harm     .     (no boots)
MR     .....                    v - amulet of faith
Stlth  ..........               (no ring)
                                w - ring of resist corrosion

@: drained, not resistant to hostile enchantments, extremely unstealthy
A: retaliatory headbutt, horns 2
a: Berserk, Trog's Hand, Brothers in Arms, Burn Spellbooks, Renounce Religion


You were on level 4 of the Dungeon.
You worshipped Trog.
Trog was greatly pleased with you.
You were not hungry.

You visited 1 branch of the dungeon, and saw 4 of its levels.

You collected 213 gold pieces.

Inventory:

Hand Weapons
 a - a +0 falchion
 s - a +0 hunting sling
 t - a +0 short sword
 y - a +0 war axe (weapon)
 z - a +0 trident
 E - a +2 mace of draining
 L - a +0 spear
 M - a +0 falchion
Missiles
 u - 6 poisoned javelins (quivered)
 x - 43 arrows
 B - a tomahawk
 J - 3 throwing nets
Armour
 b - a +0 animal skin
 d - a +0 chain mail
 e - a +0 leather armour
 A - a +0 scale mail
 C - a +0 leather armour of fire resistance
 D - a cursed +0 chain mail (worn)
 F - a +0 chain mail
 N - a +0 pair of gloves (worn)
Jewellery
 v - an amulet of faith (around neck)
 w - a ring of resist corrosion (left hand)
Scrolls
 g - 4 scrolls of teleportation {unknown}
 h - 2 scrolls of fear {unknown}
 j - a scroll of remove curse {unknown}
 l - 3 scrolls of identify {unknown}
 m - 3 scrolls of enchant armour {unknown}
 q - a scroll of random uselessness {unknown}
 K - a scroll of magic mapping {unknown}
Potions
 f - 2 potions of curing {unknown}
 k - 2 potions of flight {unknown}
 o - 3 potions of agility {unknown}
 p - a potion of brilliance {unknown}
 r - a potion of heal wounds {unknown}
 G - a potion of might {unknown}
 H - a potion of degeneration {unknown}
Comestibles
 c - 2 bread rations
 i - a meat ration
 n - a beef jerky
 I - a slice of pizza


   Skills:
 + Level 5.1(4.1) Fighting
 + Level 0.4(1.9) Short Blades
 + Level 5.1(4.1) Long Blades
 + Level 1.0(0.1) Axes
 + Level 4.3(3.3) Armour
 + Level 4.0(3.0) Dodging
 + Level 0.5(0.0) Stealth


You had 5 spell levels left.
You didn't know any spells.

Dungeon Overview and Level Annotations

Branches:
Dungeon (4/15)             Temple (0/1) D:4

Altars:
Ashenzari
Cheibriados
Dithmenos
Gozag
Kikubaaqudgha
Nemelex Xobeh
Qazlal
Ru
Sif Muna
Ukayaw
Vehumet
Zin
The Shining One


Innate Abilities, Weirdness & Mutations

You reflexively headbutt those who attack you in melee.
You have a pair of horns on your head.


Message History

You closely miss the wight. You headbutt the wight!
The wight is heavily damaged.
You hit the centaur but do no damage.
The centaur hits you but does no damage.
The wight hits you from afar with an enchanted trident.
You feel drained. The wight hits you but does no damage. The centaur hits you.
* * * LOW HITPOINT WARNING * * *
The wight hits you from afar with an enchanted trident!
* * * LOW HITPOINT WARNING * * *
You feel drained.
* * * LOW HITPOINT WARNING * * *
You slash the wight!
You headbutt the wight, but do no damage.
The wight is almost destroyed.
You barely miss the wight. You barely miss the centaur.
The centaur hits you but does no damage.
The wight hits you with an enchanted mace.
* * * LOW HITPOINT WARNING * * *
The wight hits you with a scimitar.
You die...

#### ######............
#...##...##............
#........##...##.####..
#........##...##.####..
#...................#..
#...................#..
#.......<...........#..
#...##c#.c#..########..
## #@#########...##'#
#...zzz.# #....>....
#.......# #.........
#.......# #.........
#.......# #.........
#.......# #.........
######### ##########


You could see a centaur and 3 wights.

Vanquished Creatures
  A scorpion (D:4)
  The ghost of did4411 the Vandal, a weakling SpHu (D:3)
  An orc wizard (D:3)
  An iguana (D:4)
  Ijyb (D:2)
  An adder (D:3)
  4 gnolls (D:3)
  A worm (D:3)
  4 dart slugs
  12 orcs
  A ball python (D:1)
  3 giant cockroaches
  6 hobgoblins
  9 jackals
  2 quokkas (D:3)
  8 bats
  3 giant newts
  14 goblins
  6 kobolds
  16 rats
  A plant (D:1)
96 creatures vanquished.

Notes
Turn   | Place    | Note
--------------------------------------------------------------
     0 | D:1      | Steelers13 the Minotaur Berserker began the quest for the Orb.
     0 | D:1      | Reached XP level 1. HP: 19/19 MP: 0/0
   142 | D:1      | Reached XP level 2. HP: 23/27 MP: 1/1
   687 | D:1      | Reached ** piety under Trog
   837 | D:1      | Reached XP level 3. HP: 33/33 MP: 2/2
  1648 | D:2      | Noticed Ijyb
  1657 | D:2      | Killed Ijyb
  1657 | D:2      | Reached XP level 4. HP: 38/40 MP: 3/3
  2373 | D:3      | Reached *** piety under Trog
  2443 | D:3      | Noticed did4411's ghost (weakling SpHu)
  2460 | D:3      | Killed did4411's ghost
  2556 | D:3      | Found a shattered altar of Ashenzari.
  2662 | D:3      | Reached XP level 5. HP: 47/47 MP: 4/4
  2671 | D:3      | Reached skill level 5 in Long Blades
  2969 | D:3      | Found a snail-covered altar of Cheibriados.
  2978 | D:3      | Found a hide-covered altar to Ukayaw.
  2981 | D:3      | Found a glowing silver altar of Zin.
  2981 | D:3      | Found an ancient bone altar of Kikubaaqudgha.
  2998 | D:3      | Found a glowing golden altar of the Shining One.
  3006 | D:3      | Found a radiant altar of Vehumet.
  3007 | D:3      | Found a shadowy altar of Dithmenos.
  3008 | D:3      | Found a sacrificial altar of Ru.
  3009 | D:3      | Found a stormy altar of Qazlal.
  3243 | D:3      | Found a sparkling altar of Nemelex Xobeh.
  3244 | D:3      | Found an opulent altar of Gozag.
  3308 | D:3      | Reached skill level 5 in Fighting
  3352 | D:3      | Found a deep blue altar of Sif Muna.
  4145 | D:4      | Reached XP level 6. HP: 56/56 MP: 5/5
  4203 | D:4      | Found a staircase to the Ecumenical Temple.
  4220 | D:4      | Reached **** piety under Trog
  4231 | D:4      | Reached skill level 1 in Axes
  4334 | D:4      | Slain by a wight

Vault maps used:
D:1:      lightli_molten_gateway, serial_forest, infiniplex_forest_lined_1,
          infiniplex_forest_straight_3, infiniplex_forest_clump_tiny,
          infiniplex_forest_clump_curved, infiniplex_forest_lined_room_,
          infiniplex_forest_lined_room_3, infiniplex_forest_lined_room_2,
          infiniplex_forest_clump_C
D:2:      kennysheep_goblin_castle, first_bread, kennysheep_generic_room_12
D:3:      grunt_temple_overflow_opulence, evilmike_ruin_ashenzari, minitemple,
          lemuel_blue_sif_altar
D:4:      minmay_temple_entry_glassed_door, uniq_menkaure

Skill      XL: |  1  2  3  4  5  6 |
---------------+-------------------+-----
Long Blades    | 4 5 |  5.1
Fighting       | 4 5 |  5.1
Armour         | 3 4 |  4.3
Dodging        | 3 4 |  4.0
Axes           | 1 |  1.0
Short Blades   | |  0.4
Stealth        | |  0.5

Action                   |  1- 3 |  4- 6 || total
-------------------------+-------+-------++-------
Melee: Falchion          |    90 |    26 ||   116
       Headbutt          |    20 |    20 ||    40
       Short sword       |       |    36 ||    36
       War axe           |       |    64 ||    64
Invok: Berserk           |       |     3 ||     3
  Eat: Chunk             |     2 |    10 ||    12
       Bread ration      |       |     1 ||     1
Armor: Leather armour    |    11 |       ||    11
       Chain mail        |    34 |    97 ||   131
Dodge: Dodged            |    58 |    76 ||   134
